 Dungeon Crawl Stone Soup version 0.23.2-33-g5129a83184 (webtiles) character file.

Game seed: 10444957252281206727

41 Ceapi the Sneak (level 3, 0/18 HPs)
             Began as a Spriggan Assassin on July 17, 2019.
             Succumbed to an adder's poison
             ... on level 1 of the Dungeon.
             The game lasted 00:10:35 (1456 turns).

Ceapi the Sneak (Spriggan Assassin)                 Turns: 1456, Time: 00:10:36

Health: 0/18       AC:  3    Str:  7    XL:     3   Next: 32%
Magic:  4/4        EV: 17    Int: 12    God:
Gold:   47         SH:  0    Dex: 18    Spells: 2/2 levels left

rFire    . . .     SeeInvis +   a - +2 dagger
rCold    + . .     Gourm    .   (shield restricted)
rNeg     . . .     Faith    .   c - +0 robe
rPois    .         Spirit   .   (helmet restricted)
rElec    .         Reflect  .   d - +0 cloak
rCorr    .         Harm     .   (gloves unavailable)
MR       .....                  (boots unavailable)
Stlth    ++++......             (no amulet)
HPRegen  0.06/turn              i - ring of protection from cold
MPRegen  0.09/turn              (no ring)

@: lethally poisoned (0 -> -3), very quick
A: very small, unfitting armour, see invisible, herbivore, speed 3, slow
metabolism 2
a: no special abilities


You were on level 1 of the Dungeon.
You were not hungry.

You visited 1 branch of the dungeon, and saw 2 of its levels.

You collected 47 gold pieces.

Inventory:

Hand Weapons
 a - a +2 dagger (weapon)
 b - a +0 blowgun (quivered)
Missiles
 e - 6 poisoned needles
 f - 2 curare-tipped needles
Armour
 c - a +0 robe (worn)
 d - a +0 cloak (worn)
Jewellery
 i - a ring of protection from cold (left hand)
Scrolls
 h - 2 scrolls of identify
 j - a scroll of magic mapping
 l - a scroll of fear
Comestibles
 g - 5 rations


   Skills:
 - Level 1.5 Fighting
 + Level 3.3 Short Blades
 - Level 2.0 Throwing
 - Level 1.5 Dodging
 + Level 6.9 Stealth


You had 2 spell levels left.
You didn't know any spells.
Your spell library was empty.

Dungeon Overview and Level Annotations

Branches:
Dungeon (2/15)

Altars:


Innate Abilities, Weirdness & Mutations

You are very small and have problems with some larger weapons.
You are too small for most types of armour.
You have supernaturally acute eyesight. (SInv)
You are a herbivore.
You cover ground extremely quickly.
You need to consume almost no food.


Message History

* * * LOW HITPOINT WARNING * * *
You feel sick. The adder closely misses you.
You climb upwards.
There is a stone staircase leading down here.
It was a potion of cancellation.
You feel magically purged.
There is a lethal amount of poison in your body!
There is a lethal amount of poison in your body!
There is a lethal amount of poison in your body!
There is a lethal amount of poison in your body!
There is a lethal amount of poison in your body!
There is a lethal amount of poison in your body!
There is a lethal amount of poison in your body!
There is a lethal amount of poison in your body!
There is a lethal amount of poison in your body!
As you read the scroll labeled TIOPTI ZAOL, it crumbles to dust.
It is a scroll of identify.
j - a scroll of magic mapping
As you read the scroll of identify, it crumbles to dust.
l - a scroll of fear You die...

#.# #.#.#.##.# #.# #.# #.#
#.#.#.##.# #.# #.# #.#
#.#.#.##.# #.# #.#
#.#########.#.#.##.# ##'###+#
#.#......##.#.#.##.###
#.......
#.#.####.##.......)..#
#....... #.#.# #.####.#.##.#.#
#....... ##.#.# #[#
#.#.##.#.####....... .#.#.#
#.####.#@...#.#..........
.#.#.#
#......#.##...#..........
...#.#
########.##...#..........
####.# #...#.##...#...#'###+#
#.# #.#.#.##....[..#.###.# #.#
#.#.#.##.#.###.#...... #.#
#.#.#.##.#.# #.#####.#
#.#######.#.#.##.#.# #.#.###.#
#......##.#.#.##.#.###.#[....#


There were no monsters in sight!

Vanquished Creatures
  An adder (D:2)
  An ooze (D:2)
  A dart slug (D:1)
  3 leopard geckos (D:1)
  2 bats (D:1)
  3 giant cockroaches (D:1)
  3 goblins (D:1)
  3 hobgoblins (D:1)
  A frilled lizard (D:1)
  2 kobolds
  3 rats (D:1)
23 creatures vanquished.

Notes
Turn   | Place    | Note
-------+----------+-------------------------------------------
     0 | D:1      | Ceapi the Spriggan Assassin began the quest for the Orb.
     0 | D:1      | Reached XP level 1. HP: 10/10 MP: 2/2
    49 | D:1      | Reached skill level 6 in Stealth
   558 | D:1      | Reached XP level 2. HP: 14/14 MP: 3/3
  1410 | D:2      | Reached XP level 3. HP: 18/18 MP: 4/4
  1456 | D:1      | Succumbed to an adder's poison

Skill      XL: |  1  2 |
---------------+-------+-----
Stealth        | 6 |  6.9
Short Blades   | 3 |  3.3
Fighting       | |  1.5
Throwing       | |  2.0
Dodging        | |  1.5

Action                   || total
-------------------------++-------
Melee: Dagger            ||    55
 Fire: Blowgun           ||    11
  Use: Scroll            ||     2
       Potion            ||     1
 Stab: Sleeping          ||     7
Armor: Robe              ||     8
Dodge: Dodged            ||    31
